 Dungeon Crawl Stone Soup version 0.25.1-2-g60ff931df9 (webtiles) character file.

Game seed: 15775596861520153364

186 funkygono the Shooter (level 5, -5/40 HPs)
             Began as a Formicid Hunter on Dec 3, 2020.
             Engulfed by Ijyb's flame (15 damage)
             ... on level 3 of the Dungeon.
             The game lasted 00:06:10 (2225 turns).

funkygono the Shooter (Formicid Hunter)             Turns: 2225, Time: 00:06:11

Health: -5/40      AC: 11    Str: 24    XL:     5   Next: 98%
Magic:  5/5        EV:  7    Int: 10    God:
Gold:   78         SH:  0    Dex: 11    Spells: 4/4 levels left

rFire    . . .     SeeInvis +   a - +0 whip
rCold    . . .     Gourm    .   (no shield)
rNeg     . . .     Faith    .   j - +0 plate armour
rPois    .         Spirit   .   (helmet unavailable)
rElec    .         Reflect  .   (no cloak)
rCorr    .         Harm     .   n - +0 pair of gloves
MR       +....                  (no boots)
Stlth    ..........             (no amulet)
HPRegen  0.13/turn              k - ring of protection from magic
MPRegen  0.09/turn              o - +6 ring of strength

@: lethally poisoned (-5 -> -7)
A: permanent stasis, dig shafts and tunnels, four strong arms, antennae 3
a: Dig, Shaft Self


You were on level 3 of the Dungeon.
You were not hungry.

You visited 1 branch of the dungeon, and saw 3 of its levels.

You collected 78 gold pieces.

Inventory:

Hand Weapons
 a - a +0 whip (weapon)
 b - a +1 shortbow
 h - a +0 short sword
Missiles
 d - 21 arrows
Armour
 c - a +0 leather armour
 j - a +0 plate armour (worn)
 n - a +0 pair of gloves (worn)
Jewellery
 k - a ring of protection from magic (left hand)
 o - a +6 ring of strength (right hand)
Scrolls
 m - 2 scrolls of identify
 p - a scroll of remove curse
Potions
 e - 2 potions of stabbing
 g - 3 potions of haste
 l - a potion of berserk rage {unknown}
Comestibles
 f - 5 rations
 i - 2 chunks of flesh


   Skills:
 + Level 2.9 Fighting
 + Level 0.4 Short Blades
 + Level 1.6 Maces & Flails
 + Level 4.7 Bows
 + Level 1.4 Armour
 + Level 2.0 Dodging
 + Level 1.2 Stealth


You had 4 spell levels left.
You didn't know any spells.
Your spell library contained the following spells:

 Spells                   Type           Power        Failure   Level  Hunger
 Magic Dart               Conj           #...         100%        1    ##.....
 Call Imp                 Summ           #.......     100%        2    ###....
 Slow                     Hex            #.......     100%        2    ###....
 Conjure Flame            Conj/Fire      #.......     100%        3    ####...
 Mephitic Cloud           Conj/Pois/Air  #.......     100%        3    ####...
 Blink                    Tloc           Unusable     N/A         2    N/A

Dungeon Overview and Level Annotations

Branches:
Dungeon (3/15)

Altars:
Ru
Xom

Annotations:
D:3 Ijyb


Innate Abilities, Weirdness & Mutations

You cannot be hasted, slowed, berserked, paralysed or teleported.
You can dig through walls and to a lower floor.
Your four strong arms can wield two-handed weapons with a shield.
You have a pair of large antennae on your head. (SInv)


Message History

You hit the quokka.
You kill the quokka!
Your plate armour prevents you from hitting Ijyb.
Ijyb is moderately wounded.
Ijyb closely misses you.
You hit Ijyb but do no damage.
Ijyb is moderately wounded.
Ijyb hits you but does no damage.
You barely miss Ijyb.
Ijyb is moderately wounded.
You feel sick.
Ijyb zaps a wand.
Ijyb creates a blast of flame!
You closely miss Ijyb.
Ijyb is moderately wounded.
You are engulfed in blazing flames.
* * * LOW HITPOINT WARNING * * *
Ijyb hits you but does no damage.
You whack Ijyb!
Ijyb is heavily wounded.
You are engulfed in blazing flames.
You die...

.....###.# #.......
.........###.##.#.#
#####.....#..##.#.# ##
#.###...###...# #. ...
##....#....
#§#####...[##......
####§#§....#######....
#...§§§### #..). #. #@#
#.... %..###.###g#
#.... #.........###
##..# #..#.r....(.####
##.##
#(######....#######..##
... ####.....)......
..). #######.[........#
.....
........####.....# ..[.
######### #....<#


You could see Ijyb.

Vanquished Creatures
  3 orc wizards
  2 adders
  A worm (D:2)
  3 dart slugs (D:1)
  3 leopard geckos
  9 orcs
  A ball python (D:3)
  6 bats
  4 goblins
  4 hobgoblins
  7 jackals (D:1)
  11 kobolds
  A quokka (D:3)
  3 frilled lizards
  8 rats
66 creatures vanquished.

Notes
Turn   | Place    | Note
-------+----------+-------------------------------------------
     0 | D:1      | funkygono the Formicid Hunter began the quest for the Orb.
     0 | D:1      | Reached XP level 1. HP: 16/16 MP: 1/1
    66 | D:1      | Reached XP level 2. HP: 18/22 MP: 2/2
   523 | D:1      | Reached XP level 3. HP: 25/28 MP: 3/3
   657 | D:1      | Reached skill level 4 in Bows
   928 | D:2      | Reached XP level 4. HP: 34/34 MP: 4/4
  1344 | D:2      | Found a shimmering altar of Xom.
  1456 | D:2      | Found a sacrificial altar of Ru.
  1472 | D:2      | Reached XP level 5. HP: 39/39 MP: 5/5
  1808 | D:3      | Reached skill level 1 in Maces & Flails
  1842 | D:3      | Reached skill level 1 in Armour
  2202 | D:3      | Noticed Ijyb
  2225 | D:3      | Engulfed by Ijyb's flame

Illustrated notes

Levels and vault maps discovered:
D:1:      minmay_arrival_cross, layout_rooms
D:2:      layout_basic, nicolae_ru_great_annihilating_truth,
          lemuel_doored_altar, wad_floor_pattern_1
D:3:      layout_rooms, nicolae_gozag_zags_fifth_avenue, uniq_ijyb

Skill      XL: |  1  2  3  4  5 |
---------------+----------------+-----
Dodging        | 2 |  2.0
Bows           | 4 |  4.7
Maces & Flails | 1 |  1.6
Armour         | 1 |  1.4
Fighting       | |  2.9
Short Blades   | |  0.4
Stealth        | |  1.2

Action                   |  1- 3 |  4- 6 || total
-------------------------+-------+-------++-------
Melee: Short sword       |    14 |       ||    14
       Whip              |    42 |   104 ||   146
 Fire: Shortbow          |    56 |    57 ||   113
  Use: Scroll            |     4 |     2 ||     6
       Potion            |       |     2 ||     2
  Eat: Chunk             |       |     4 ||     4
Armor: Leather armour    |    16 |       ||    16
       Plate armour      |    36 |    79 ||   115
Dodge: Dodged            |    42 |    49 ||    91
